 Dungeon Crawl Stone Soup version 0.28.0-53-g5a82cb258f (webtiles) character file.

Game seed: 1538357868586227084

9 DemonSlayer the Firebug (level 2, 0/19 HPs)
             Began as a Demonspawn Fire Elementalist on Aug 23, 2022.
             Frozen to death by an endoplasm (5 damage)
             ... on level 1 of the Dungeon.
             The game lasted 00:01:29 (364 turns).

DemonSlayer the Firebug (DsFE)                       Turns: 364, Time: 00:01:30

Health: 0/19       AC:  2    Str:  8    XL:     2   Next: 3%
Magic:  2/5        EV: 12    Int: 16    God:
Gold:   31         SH:  0    Dex: 13    Spells: 4/5 levels left

rFire   . . .      SeeInvis .   b - +0 dagger
rCold   . . .      Faith    .   (no shield)
rNeg    . . .      Spirit   .   a - +0 robe
rPois   .          Reflect  .   (no helmet)
rElec   .          Harm     .   (no cloak)
rCorr   .          Rampage  .   (no gloves)
Will    .....                   (no boots)
Stlth   ++........              (no amulet)
HPRegen 0.06/turn               (no ring)
MPRegen 0.09/turn               (no ring)

@: no status effects
A: spiny 1
a: no special abilities


You were on level 1 of the Dungeon.
You visited 1 branch of the dungeon, and saw 1 of its levels.

You collected 31 gold pieces.

Inventory:

Hand Weapons
 b - a +0 dagger (weapon)
Armour
 a - a +0 robe (worn)


   Skills:
 + Level 1.7 Dodging
 + Level 1.8 Stealth
 + Level 2.3 Spellcasting
 + Level 1.0 Conjurations
 + Level 2.9 Fire Magic


You had 4 spell levels left.
You knew the following spells:

 Your Spells              Type           Power      Damage    Failure   Level
a - Foxfire               Conj/Fire      32%        2x1d5     9%          1

Your spell library contained the following spells:

 Spells                   Type           Power      Damage    Failure   Level
 Scorch                   Fire           22%        2d6       9%          2
 Conjure Flame            Conj/Fire      8%         6-21      26%         3
 Inner Flame              Hex/Fire       6%         N/A       32%         3
 Flame Wave               Conj/Fire      8%         2d5       65%         4


Dungeon Overview and Level Annotations

Branches:
Dungeon (1/15)

Altars:


Innate Abilities, Weirdness & Mutations

You are partially covered in sharp spines.


Message History

You miss the bat.
The bat is severely wounded.
The bat barely misses you. The bat hits you. The frilled lizard bites you.
You are too injured to fight recklessly!
You are too injured to fight recklessly!
You are too injured to fight recklessly!
The bat barely misses you.
You closely miss the bat.
The bat is severely wounded.
The bat misses you. The bat hits you.
You hit the bat.
You kill the bat!
Your magical contamination has completely faded away.
You have reached level 2!
Your demonic ancestry asserts itself...
Sharp spines emerge from parts of your body.
You closely miss the frilled lizard.
The frilled lizard is struck by your spines.
You kill the frilled lizard!
Things that are here:
a frilled lizard corpse; a bat corpse An endoplasm comes into view.
The endoplasm quivers.
Things that are here:
a frilled lizard corpse; a bat corpse You see here a ball python corpse.
The endoplasm jiggles.
The endoplasm freezes you.
You are frozen.
* * * LOW HITPOINT WARNING * * *
The endoplasm is struck by your spines. The endoplasm barely misses you.
You hit the endoplasm but do no damage.
The endoplasm is lightly wounded.
The endoplasm hits you.
* * * LOW HITPOINT WARNING * * *
You completely miss the endoplasm.
The endoplasm is lightly wounded.
The endoplasm freezes you.
You are frozen.
You die...

##.># ..## .....## ...
#.. #.##..# ##.## #..
#.##..#####...#### #..
#.##...†.†.......#
##..###
#.##..#####...##.#
......##########.##..#
##.##
#..#.##.....>...##..#
.#
#..#.##.#####..@J...#
.#
#.............#.##..#
..
####.##########.##..#
## #.# #.##..# #†#
#.##..# #.# #.##..#
####.# #.#.#.# #....#
...# #. #.####


You could see an endoplasm.

Vanquished Creatures
  2 bats (D:1)
  A goblin (D:1)
  A hobgoblin (D:1)
  3 ball pythons (D:1)
  2 frilled lizards (D:1)
  A rat (D:1)
10 creatures vanquished.

Vanquished Creatures (others)
  23 foxfires (D:1)
23 creatures vanquished.

Grand Total: 33 creatures vanquished

Notes
Turn   | Place    | Note
-------+----------+-------------------------------------------
     0 | D:1      | DemonSlayer the Demonspawn Fire Elementalist began the
                  | quest for the Orb.
     0 | D:1      | Reached XP level 1. HP: 13/13 MP: 3/3
   345 | D:1      | Gained mutation: You are partially covered in sharp spines.
                  | [demonic ancestry]
   345 | D:1      | Reached XP level 2. HP: 6/19 MP: 0/5
   364 | D:1      | Frozen to death by an endoplasm

Illustrated notes

Levels and vault maps discovered:
D:1:      evilmike_arrival_hilbert_curve, layout_loops_ring

Action                   || total
-------------------------++-------
Melee: Dagger            ||    19
 Cast: Foxfire           ||    14
Armor: Robe              ||    12
Dodge: Dodged            ||    27
